 Dungeon Crawl Stone Soup version 0.24-a0-515-gbe7f5e2e8d (webtiles) character file.

Game seed: 4740103858293652581

343 Flubber the Poker (level 6, -1/48 HPs)
             Began as a Merfolk Gladiator on July 21, 2019.
             Slain by Grinder (8 damage)
             ... while paralysed by Grinder
             ... on level 4 of the Dungeon on Aug 24, 2019.
             The game lasted 00:12:00 (2326 turns).

Flubber the Poker (Merfolk Gladiator)               Turns: 2326, Time: 00:12:00

Health: -1/48      AC:  6    Str: 16    XL:     6   Next: 57%
Magic:  6/6        EV:  2    Int:  8    God:
Gold:   145        SH:  0    Dex: 15    Spells: 5/5 levels left

rFire    . . .     SeeInvis .   r - +0 spear
rCold    . . .     Gourm    .   (no shield)
rNeg     . . .     Faith    .   b - +2 leather armour
rPois    .         Spirit   .   c - +0 helmet
rElec    .         Reflect  .   (no cloak)
rCorr    .         Harm     .   (no gloves)
MR       .....                  (no boots)
Stlth    +.........             t - amulet of the acrobat
HPRegen  0.16/turn              (no ring)
MPRegen  0.10/turn              (no ring)

@: paralysed, about to teleport
A: change form in water, swift swim, stealthy swim
a: no special abilities


You were on level 4 of the Dungeon.
You were hungry.

You visited 1 branch of the dungeon, and saw 4 of its levels.

You collected 145 gold pieces.

Inventory:

Hand Weapons
 a - a +0 trident
 h - a +0 scythe
 r - a +0 spear (weapon)
 u - a -3 rapier
Missiles
 d - 4 throwing nets (quivered)
 i - 19 poisoned darts
 s - 41 stones
Armour
 b - a +2 leather armour (worn)
 c - a +0 helmet (worn)
Jewellery
 t - an amulet of the acrobat (around neck)
Wands
 e - a wand of flame (18)
Scrolls
 k - a scroll of remove curse
 n - a scroll of identify
Comestibles
 f - 4 rations
 j - 3 chunks of flesh


   Skills:
 + Level 3.9 Fighting
 * Level 7.8 Polearms
 - Level 2.1 Throwing
 + Level 1.5 Armour
 - Level 5.0 Dodging


You had 5 spell levels left.
You didn't know any spells.
Your spell library was empty.

Dungeon Overview and Level Annotations

Branches:
Dungeon (4/15)
 Temple: D:4-7

Altars:

Annotations:
D:4 Grinder


Message History

Grinder hits you.
* * * LOW HITPOINT WARNING * * *
You writhe in agony.
* * * LOW HITPOINT WARNING * * *
You barely miss Grinder.
Grinder is heavily wounded.
You hit Grinder but do no damage.
Grinder is heavily wounded.
Grinder hits you.
* * * LOW HITPOINT WARNING * * *
You writhe in agony.
* * * LOW HITPOINT WARNING * * *
As you read the scroll of teleportation, it crumbles to dust.
You feel strangely unstable. Grinder gestures at you.
You suddenly lose the ability to move!
Grinder gestures at you.
You barely resist. Grinder hits you!
You die...

##########......)..####
.........#######........
.........' #........
.........# #........
...(.....# #........
.........#######........
#..................####
#.......÷..........#...
#.....@.÷..........#...
#....5.............+...
#..................#...
....#'###'#.........####
... #. ...#.........# ..
#.....#.........# . #
....#.........# ...#
.....


You could see Grinder.

Vanquished Creatures
  Sigmund (D:4)
  A howler monkey (D:4)
  A hound (D:4)
  5 adders
  2 oozes
  A worm (D:3)
  3 dart slugs
  A leopard gecko (D:1)
  3 orcs
  4 bats
  6 giant cockroaches
  9 goblins
  8 hobgoblins
  4 jackals (D:1)
  2 quokkas (D:3)
  2 ball pythons
  7 frilled lizards
  10 kobolds
  7 rats
77 creatures vanquished.

Notes
Turn   | Place    | Note
-------+----------+-------------------------------------------
     0 | D:1      | Flubber the Merfolk Gladiator began the quest for the Orb.
     0 | D:1      | Reached XP level 1. HP: 16/16 MP: 1/1
   106 | D:1      | Reached XP level 2. HP: 8/22 MP: 2/2
   452 | D:1      | Reached skill level 5 in Polearms
   452 | D:1      | Reached XP level 3. HP: 28/28 MP: 3/3
   992 | D:2      | Reached XP level 4. HP: 27/34 MP: 4/4
  1069 | D:2      | Found a faded altar of an unknown god.
  1285 | D:2      | Reached skill level 6 in Polearms
  1285 | D:2      | Reached skill level 5 in Dodging
  1700 | D:3      | Reached XP level 5. HP: 41/41 MP: 5/5
  2150 | D:4      | Noticed Sigmund
  2192 | D:4      | Killed Sigmund
  2192 | D:4      | Reached skill level 7 in Polearms
  2192 | D:4      | Reached skill level 1 in Armour
  2192 | D:4      | Reached XP level 6. HP: 26/48 MP: 6/6
  2299 | D:4      | Noticed Grinder
  2300 | D:4      | Paralysed by Grinder for 5 turns
  2324 | D:4      | Paralysed by Grinder for 6 turns
  2326 | D:4      | Slain by Grinder

Levels and vault maps discovered:
D:1:      arrival_zaba_pyramid, layout_basic, minmay_misc_feat_more_columns,
          minmay_misc_feat_room, minivault_14, minmay_pentomino_o4
D:2:      layout_rooms, chequers_ecumenical_altar_island,
          chequers_serial_rivers_small_3
D:3:      layout_loops_ring, first_ration
D:4:      layout_gridville, uniq_grinder, uniq_sigmund

Skill      XL: |  1  2  3  4  5 |
---------------+----------------+-----
Polearms       | 5 6 7 |  7.8
Dodging        | 5 |  5.0
Fighting       | 3 |  3.9
Armour         | 1 |  1.5
Throwing       | |  2.1

Action                   |  1- 3 |  4- 6 || total
-------------------------+-------+-------++-------
Melee: Trident           |   121 |    29 ||   150
       Spear             |       |   159 ||   159
       Rapier            |       |     7 ||     7
Evoke: Wand              |       |     2 ||     2
  Use: Potion            |     1 |     8 ||     9
       Scroll            |       |    11 ||    11
 Stab: Sleeping          |     2 |     2 ||     4
  Eat: Chunk             |       |     4 ||     4
Armor: Leather armour    |    50 |    32 ||    82
Dodge: Dodged            |   137 |    77 ||   214

Table legend:
 A = Non-vault XP
 B = Vault XP
 C = Vault XP percentage of total XP
 D = Non-vault monster count
 E = Vault monster count
 F = Vault count percentage of total count
                 A         B        C        D         E       F
            +---------+---------+-------+---------+---------+-------
      Total |     292 |     198 |  40.4 |      75 |       2 |   2.6
            +---------+---------+-------+---------+---------+-------
        D:1 |      56 |       1 |   1.8 |      29 |       1 |   3.3
        D:2 |      78 |       0 |   0.0 |      22 |       0 |   0.0
        D:3 |      58 |       0 |   0.0 |      19 |       0 |   0.0
        D:4 |     100 |     197 |  66.3 |       5 |       1 |  16.7
            +---------+---------+-------+---------+---------+-------
